 Dungeon Crawl Stone Soup version 0.31-a0-960-g0fca184906 (webtiles) character file.

Game seed: 14136964253242192358

60 Azuregosa the Covert (level 4, 0/31 HPs)
             Began as an Octopode Delver on Oct 23, 2023.
             Slain by a gnoll
             ... wielding a +0 spear
              (9 damage)
             ... on level 5 of the Dungeon.
             The game lasted 00:02:58 (288 turns).

Azuregosa the Covert (Octopode Delver)               Turns: 288, Time: 00:02:58

Health: 0/31       AC:  1    Str: 11    XL:     4   Next: 4%
Magic:  4/4        EV: 13    Int: 14    God:
Gold:   0          SH:  0    Dex: 13    Spells: 3/3 levels left

rFire   . . .        a - +0 falchion
rCold   . . .        (no shield)
rNeg    . . .        (helmet restricted)
rPois   .            (no amulet)
rElec   .            (no ring)
rCorr   .            (no ring)
SInv    .            (no ring)
Will    .....        (no ring)
Stlth   +++++        (no ring)
HPRegen 0.25/turn    (no ring)
MPRegen 0.09/turn    (no ring)
                     (no ring)

%: no passive effects
@: no status effects
A: almost no armour, amphibious, 8 rings, camouflage 1, gelatinous body 1,
(nimble swimmer 1), tentacles
a: no special abilities


You were on level 5 of the Dungeon.
You visited 1 branch of the dungeon, and saw 2 of its levels.

Inventory:

Hand Weapons
 a - a +0 falchion (weapon)
Missiles
 g - 4 boomerangs
Wands
 f - a wand of digging (3)
Scrolls
 d - a scroll of enchant weapon {unknown}
Potions
 c - a potion of mutation {unknown}
 e - a potion of haste


   Skills:
 - Level 3.0 Fighting
 - Level 2.0 Long Blades
 - Level 2.0 Dodging
 + Level 8.6 Stealth


You had 3 spell levels left.
You didn't know any spells.
Your spell library was empty.

Dungeon Overview and Level Annotations

Branches:
Dungeon (6/15)
 Temple: D:4-7

Altars:


Innate Abilities, Weirdness & Mutations

You cannot wear most types of armour.
You are amphibious.
You can wear up to eight rings at the same time.
Your skin changes colour to match your surroundings (Stealth+).
Your rubbery body absorbs attacks. (AC +1, EV +1)
((You are camouflaged when in or above water. (Stealth+)))
You have tentacles for arms and can constrict up to eight enemies at once.


Message History

You hit the bat.
You kill the bat!
You see here a bat corpse.
The helpless bat fails to defend itself.
You slash the bat!
You kill the bat!
You see here a bat corpse.
You see here 4 boomerangs.
g - 4 boomerangs A gnoll comes into view.
It is wielding a +0 flail.
Found a runed robe. 3 gnolls come into view.
A gnoll is wielding a +0 spear.
Found 6 stones.
The gnoll shouts!
The gnoll shouts!
You hit the gnoll. Your grab misses the gnoll.
You tentacle-slap the gnoll, but do no damage.
Your squeeze misses the gnoll.
The gnoll is lightly wounded.
The gnoll hits you with a +0 flail!
You hit the gnoll. Your grab misses the gnoll.
The gnoll is moderately wounded.
The gnoll hits you with a +0 flail!
* * * LOW HITPOINT WARNING * * *
You hit the gnoll. Your grab misses the gnoll.
The gnoll is severely wounded.
The gnoll hits you with a +0 flail.
* * * LOW HITPOINT WARNING * * *
The gnoll shouts!
You hit the gnoll.
You kill the gnoll!
The gnoll barely misses you.
You have reached level 4!
As you read the scroll of fog, it dissolves into smoke.
The gnoll barely misses you. The gnoll attacks as it pursues you!
The gnoll closely misses you. The gnoll attacks as it pursues you!
The gnoll barely misses you. The gnoll attacks as it pursues you!
The gnoll hits you from afar with a +0 spear!
You die...

*......,<,,,,,,*
*..g...######*,*
*...(g......#*** *.....[....####
* *......§§§###.## #
*#####.#§###...##############*#
******#,#§§#...†.....†........,.
*,,,,,*,#§##.....#..############
*,***,*,#§§g.g.@.#..# **###...
*,*,,,*,#####.†.##..# *,......
*,*,,<*,****##.##...# *,**#...
*,*,*,,,,,,,*####...#****,###...
*,*,*,*,*,,,** #.###,,,,,#.....
*,*,*,*,*,,,,* #.# *,,,,,#.#.#.
*,*,,,*,*,,,,* #.# *,,,,.#.#.#.
*,*,,,*,*,,,,* #.# **###.#.#)#.
*,**,,,,,,,,,* #.# #...#.#.#.


You could see 2 gnolls.

Vanquished Creatures
  A hound (D:5)
  A gnoll (D:5)
  A shadow imp (D:5)
  2 orcs (D:5)
  7 bats (D:5)
12 creatures vanquished.

Notes
Turn   | Place    | Note
-------+----------+-------------------------------------------
     0 | D:5      | Azuregosa the Octopode Delver began the quest for the Orb.
     0 | D:5      | Reached XP level 1. HP: 16/16 MP: 1/1
    18 | D:5      | Noticed a hound
    23 | D:5      | Killed a hound
    24 | D:5      | Reached skill level 7 in Stealth
    24 | D:5      | Reached XP level 2. HP: 15/21 MP: 2/2
    24 | D:5      | Reached XP level 3. HP: 18/26 MP: 3/3
    74 | D:5      | Reached skill level 8 in Stealth
   281 | D:5      | Reached XP level 4. HP: 7/31 MP: 4/4
   288 | D:5      | Slain by a gnoll

Illustrated notes

Levels and vault maps discovered:
D:5:      layout_basic, roderic_batcave, uniq_pikel
D:6:      layout_rooms, minitemple

Skill      XL: |  1  2  3 |
---------------+----------+-----
Stealth        | 7 8 |  8.6
Fighting       | |  3.0
Long Blades    | |  2.0
Dodging        | |  2.0

Action                     |  1- 3 |  4- 6 || total
---------------------------+-------+-------++-------
  Melee: Falchion          |    37 |       ||    37
         Tentacles         |     4 |       ||     4
         Constrict         |     5 |       ||     5
         Punch             |     1 |       ||     1
    Use: Scroll            |     2 |     1 ||     3
   Stab: Sleeping          |     3 |       ||     3
 Armour: Skin              |    21 |     1 ||    22
  Dodge: Dodged            |    28 |     3 ||    31

Table legend: (Time is in decaauts)
 A = Elapsed time spent in this place.
 B = Non-inter-level travel time spent in this place.
 C = Inter-level travel time spent in this place.
 D = Time resting spent in this place.
 E = Time spent auto-exploring this place.
 F = Levels seen in this place.
 G = Mean time per level.
                   A        B        C        D        E       F      G
               +--------+--------+--------+--------+--------+-----+--------+
         Total |    295 |    295 |      0 |     81 |      8 |   2 |  147.5 |
       Dungeon |    295 |    295 |      0 |     81 |      8 |   2 |  147.5 |
               +--------+--------+--------+--------+--------+-----+--------+

Top non-repeatable levels by time:
     D:5: 293 daAuts
     D:6: 1 daAuts
